 Dungeon Crawl Stone Soup version 0.30-a0-782-ge64f9170bb (webtiles) character file.

Game seed: 12959563834688421643

2044 HoaS the Skirmisher (level 8, -4/60 HPs)
             Began as a Demigod Hunter on Mar 12, 2023.
             Slain by a yak (9 damage)
             ... on level 7 of the Dungeon.
             The game lasted 00:09:51 (5007 turns).

HoaS the Skirmisher (Demigod Hunter)                Turns: 5007, Time: 00:09:52

Health: -4/60      AC: 13    Str: 12    XL:     8   Next: 75%
Magic:  10/10      EV: 13    Int: 11    God:
Gold:   288        SH:  0    Dex: 25    Spells: 7/7 levels left

rFire   . . .      SeeInvis .    a - +0 shortbow (freeze)
rCold   . . .      Faith    .    (shield currently unavailable)
rNeg    . . .      Spirit   .    y - +0 steam dragon scales
rPois   .          Reflect  .    k - +1 helmet
rElec   .          Harm     .    j - +1 cloak
rCorr   .          Rampage  .    q - +1 pair of gloves
Will    .....                    d - +1 pair of boots
Stlth   ++                       (no amulet)
HPRegen 0.30/turn                (no ring)
MPRegen 0.12/turn                (no ring)

@: no status effects
A: high MP 1, forlorn, divine attributes
a: no special abilities


You were on level 7 of the Dungeon.
You visited 1 branch of the dungeon, and saw 7 of its levels.

You collected 346 gold pieces.
You spent 58 gold pieces at shops.

Inventory:

Hand Weapons
 a - a +0 shortbow of freezing (weapon)
Missiles
 l - a throwing net
Armour
 d - a +1 pair of boots (worn)
 j - a +1 cloak (worn)
 k - a +1 helmet (worn)
 q - a +1 pair of gloves (worn)
 y - +0 steam dragon scales (worn)
Wands
 v - a wand of roots (6)
 x - a wand of paralysis (4)
Scrolls
 b - 3 scrolls of immolation
 c - a scroll of blinking
 o - 2 scrolls of magic mapping
 p - 3 scrolls of teleportation
 w - a scroll of fear
Potions
 e - 3 potions of attraction
 f - a potion of resistance
 g - 2 potions of curing
 h - 2 potions of heal wounds {unknown}
 i - a potion of berserk rage {unknown}
 m - 2 potions of degeneration {unknown}
 n - 2 potions of mutation
 r - 2 potions of flight
 s - a potion of might {unknown}
 t - 3 potions of lignification {unknown}
 u - 2 potions of invisibility {unknown}


   Skills:
 - Level 1.7 Fighting
 + Level 11.5 Ranged Weapons
 - Level 1.7 Dodging
 - Level 0.8 Stealth


You had 7 spell levels left.
You didn't know any spells.
Your spell library contained the following spells:

 Spells                   Type           Power      Damage    Failure   Level
 Apportation              Tloc           0%         N/A       34%         1
 Magic Dart               Conj           0%         1d3       34%         1
 Necrotise                Necr           0%         1d4       34%         1
 Summon Small Mammal      Summ           0%         N/A       34%         1
 Call Imp                 Summ           0%         N/A       47%         2
 Call Canine Familiar     Summ           0%         N/A       71%         3
 Ignite Poison            Fire/Tmut/Pois 0%         N/A       71%         3
 Kindle Blastsparks       Fire/Tloc/Air  0%         2d10      71%         3
 Mephitic Cloud           Conj/Pois/Air  0%         N/A       71%         3
 Summon Guardian Golem    Hex/Summ       0%         N/A       71%         3
 Freezing Cloud           Conj/Ice/Air   0%         6-21      100%        5


Dungeon Overview and Level Annotations

Branches:
Dungeon (7/15)             Temple (0/1) D:7

Shops:
D:2 *


Innate Abilities, Weirdness & Mutations

You have an increased reservoir of magic. (+10% MP)
You shall have no god before yourself.
Your divine heritage dramatically boosts your attributes as you level up.


Message History

The yak is lightly wounded.
The shadow imp hits you but does no damage.
The yak gores you but does no damage.
You shoot an arrow.
The arrow hits the yak but does no damage.
The yak is lightly wounded.
You shoot an arrow. The arrow hits the yak!
The arrow freezes the yak.
The yak is moderately wounded.
The shadow imp hits you. The yak completely misses you.
You shoot an arrow. The arrow hits the shadow imp.
The shadow imp is lightly wounded.
You hear an angry growl.
The shadow imp misses you. The yak barely misses you.
You hear a bark!
You hear a shout!
You shoot an arrow. The arrow barely misses the shadow imp.
The shadow imp hits you but does no damage.
The yak barely misses you.
You shoot an arrow.
The arrow closely misses the shadow imp.
The shadow imp hits you but does no damage.
The yak gores you!
You shoot an arrow. The arrow hits the shadow imp.
The shadow imp is heavily wounded.
The shadow imp misses you. The yak gores you!
* * * LOW HITPOINT WARNING * * *
You shoot an arrow. The arrow hits the shadow imp.
The shadow imp is heavily wounded.
The shadow imp barely misses you. The yak gores you but does no damage.
You shoot an arrow. The arrow barely misses the shadow imp.
The shadow imp hits you but does no damage.
The yak barely misses you.
You shoot an arrow. The arrow hits the shadow imp.
The shadow imp is almost dead.
The shadow imp gestures at you.
You struggle to resist.
The yak gores you.
* * * LOW HITPOINT WARNING * * *
You shoot an arrow. The arrow hits the shadow imp.
You kill the shadow imp!
The yak gores you!
You die...

## .## ## ..# ##.# .
..# #.#.# .# ..#
.##)#.# ##. #.#
..#.#.# #.. #.#
#.#.#.# #.# #.#
#.#.#)#Y# #.########
#.#.#@# #...)....##
#.#.#.# #####)....##
#.#.## ..
##.......###.###....
#...................
##..#...............
#####.#...####.....
####.## ##... ##.#
..


You could see a yak.

Vanquished Creatures
  Grinder (D:3)
  A steam dragon (D:6)
  2 water moccasins (D:5)
  Duvessa (D:6)
  A black bear (D:5)
  3 ice beasts
  A phantom (D:7)
  2 bullfrogs
  Blork the orc (D:6)
  2 scorpions
  Dowan (D:6)
  The ghost of Endy73 the Covered, a weakling AtFi (D:4)
  A howler monkey (D:5)
  A hound (D:7)
  2 orc priests (D:7)
  A jelly (D:5)
  A gnoll bouda (D:6)
  Crazy Yiuf (D:5)
  3 orc wizards
  9 gnolls
  8 adders
  2 shadow imps (D:7)
  2 ufetubi
  2 dart slugs
  3 worms
  15 orcs
  4 ball pythons
  5 endoplasms
  5 giant cockroaches
  5 goblins
  6 hobgoblins
  5 jackals
  3 quokkas
  5 bats (D:1)
  5 frilled lizards
  6 kobolds
  9 rats
126 creatures vanquished.

Notes
Turn   | Place    | Note
-------+----------+-------------------------------------------
     0 | D:1      | HoaS the Demigod Hunter began the quest for the Orb.
     0 | D:1      | Reached XP level 1. HP: 17/17 MP: 3/3
    91 | D:1      | Reached skill level 4 in Ranged Weapons
   131 | D:1      | Reached XP level 2. HP: 24/24 MP: 4/4
   749 | D:2      | Reached XP level 3. HP: 29/29 MP: 5/5
  1074 | D:2      | Found Jowir's General Store.
  1079 | D:2      | Bought a +0 helmet for 58 gold pieces
  1086 | D:2      | You fall into a shaft and drop 1 floor!
  1159 | D:2      | Reached skill level 5 in Ranged Weapons
  1317 | D:2      | Reached XP level 4. HP: 36/36 MP: 6/6
  1611 | D:3      | Noticed Grinder
  1626 | D:3      | Paralysed by Grinder for 5 turns
  1632 | D:3      | Killed Grinder
  1633 | D:3      | Reached skill level 6 in Ranged Weapons
  1633 | D:3      | Reached XP level 5. HP: 17/41 MP: 7/7
  1966 | D:4      | Reached XP level 6. HP: 38/48 MP: 8/8
  1969 | D:4      | Reached skill level 7 in Ranged Weapons
  2168 | D:4      | Identified the +3 ring mail "Xypa" {MP+9}
  2392 | D:4      | Noticed an angel
  2399 | D:4      | Found a runed translucent door.
  2399 | D:4      | Noticed Endy73's ghost (weakling AtFi)
  2564 | D:4      | HP: 1/48 [Endy73's ghost (7)]
  2566 | D:4      | Killed Endy73's ghost
  2776 | D:5      | Entered Level 5 of the Dungeon
  2825 | D:5      | Reached skill level 8 in Ranged Weapons
  2868 | D:5      | Found a runed translucent door.
  2869 | D:5      | Noticed Crazy Yiuf
  2900 | D:5      | Noticed a water moccasin
  2922 | D:5      | Killed a water moccasin
  2923 | D:5      | Reached XP level 7. HP: 16/53 MP: 9/9
  3332 | D:5      | Reached skill level 9 in Ranged Weapons
  3711 | D:5      | Killed Crazy Yiuf
  3777 | D:6      | Identified the +10 dagger of Wounding {spect, rPois}
  3908 | D:6      | Noticed Duvessa
  3990 | D:6      | Reached skill level 10 in Ranged Weapons
  3990 | D:6      | Reached XP level 8. HP: 36/60 MP: 10/10
  4257 | D:6      | Noticed Blork the orc
  4263 | D:6      | Killed Blork the orc
  4700 | D:6      | Noticed Dowan
  4733 | D:6      | Killed Duvessa
  4734 | D:6      | Reached skill level 11 in Ranged Weapons
  4755 | D:6      | Killed Dowan
  4945 | D:7      | Found a staircase to the Ecumenical Temple.
  5007 | D:7      | Slain by a yak

Illustrated notes

Levels and vault maps discovered:
D:1:      elethiomel_arrival_shortcut, layout_basic
D:2:      layout_loops_ring, serial_shops, nicolae_shop_hallway_plus,
          chequers_serial_rivers_small_3, kennysheep_generic_room_12
D:3:      layout_rooms, grunt_decor_resistance, uniq_grinder
D:4:      layout_rooms, overflow_temple_1_default, zin_angel,
          gammafunk_ghost_grave, hangedman_feature_mirror
D:5:      layout_loops_ring, minmay_misc_feat_cross, uniq_crazy_yiuf_cottage
D:6:      layout_loops_cross, uniq_blork_the_orc, uniq_duvessa
D:7:      minmay_the_grid_octo_tiled_squarecenter
          [minmay_the_grid_octo_checkered, minmay_the_grid_octo_teeth,
          minmay_the_grid_octo_fat_diamond,
          minmay_the_grid_octo_vomiting_pacman,
          minmay_the_grid_square_5x5_megaprize_crossed,
          minmay_the_grid_square_5x5_checkered_statues,
          minmay_the_grid_square_5x5_six_small,
          minmay_the_grid_square_5x5_almost_minimal,
          minmay_the_grid_square_5x5_spiral_small], layout_cave_pools,
          pdpol_wu_jian_five_deadly_venoms, minmay_temple_entry_proselytizer,
          uniq_menkaure, uniq_maggie, uniq_joseph

Skill      XL: |  1  2  3  4  5  6  7  8 |
---------------+-------------------------+-----
Ranged Weapons | 4 5 6 8 10 11 | 11.5
Fighting       | |  1.7
Dodging        | |  1.7
Stealth        | |  0.8

Action                     |  1- 3 |  4- 6 |  7- 9 || total
---------------------------+-------+-------+-------++-------
   Fire: Shortbow          |   126 |   142 |   148 ||   416
    Use: Scroll            |     7 |     8 |     2 ||    17
         Potion            |       |     1 |       ||     1
 Armour: Leather armour    |    25 |    24 |    26 ||    75
         Steam dragon scal |       |       |    13 ||    13
  Dodge: Dodged            |    38 |    26 |    48 ||   112

Table legend: (Time is in decaauts)
 A = Elapsed time spent in this place.
 B = Non-inter-level travel time spent in this place.
 C = Inter-level travel time spent in this place.
 D = Time resting spent in this place.
 E = Time spent auto-exploring this place.
 F = Levels seen in this place.
 G = Mean time per level.
                   A        B        C        D        E       F      G
               +--------+--------+--------+--------+--------+-----+--------+
         Total |   5076 |   4869 |    207 |    832 |   3182 |   7 |  725.1 |
       Dungeon |   5076 |   4869 |    207 |    832 |   3182 |   7 |  725.1 |
               +--------+--------+--------+--------+--------+-----+--------+

Top non-repeatable levels by time:
     D:6: 1046 daAuts
     D:5: 991 daAuts
     D:4: 835 daAuts
     D:2: 773 daAuts
     D:1: 728 daAuts
     D:3: 503 daAuts
     D:7: 198 daAuts
